[Event "1st Bangalore GM-Open-A 2024"]
[Site "Bangalore"]
[Date "2024.01.19"]
[Round "2.12"]
[White "Sammed Jaykumar, Shete"]
[Black "Rosh Jain"]
[Result "1-0"]
[ECO "B93"]
[WhiteElo "2441"]
[BlackElo "2221"]
[Annotator "RC"]
[PlyCount "63"]
[EventDate "2024.01.20"]
[EventType "swiss"]
[EventCountry "IND"]
[SourceTitle "playchess.com"]
[Source "ChessBase"]
[SourceQuality "1"]
[TimeControl "5400+30"]

1. e4 c5 2. Nf3 d6 3. d4 cxd4 4. Nxd4 Nf6 5. Nc3 a6 6. f4 e5 7. Nf3 Nbd7 8. a4 Be7 9. Bd3 Qc7 10. O-O O-O 11. Kh1 b6 12. Nh4 Nc5 13. fxe5 dxe5 14. Bg5 Qd8 15. Nf5 Bxf5 16. Rxf5 Ne6 17. Bxf6 Bxf6 18. Nd5 Bg5 19. Qf1 Nf4 20. Rxe5 Nxd5 21. Rxd5 Qe7 22. Qf5 h6 23. e5 g6 24. Qe4 Rfd8 25. Rf1 Rxd5 26. Qxd5 Rd8 27. Qe4 Kg7 28. Bxa6 Re8 29. Bc4 f5 30. exf6+ Bxf6 31. Qc6 Rb8 32. Rxf6 1-0

[Event "1st Bangalore GM-Open-A 2024"]
[Site "Bangalore"]
[Date "2024.01.19"]
[Round "2.13"]
[White "Sharma Isha"]
[Black "Nitish Belurkar"]
[Result "0-1"]
[ECO "B40"]
[WhiteElo "2183"]
[BlackElo "2435"]
[Annotator "RC"]
[PlyCount "106"]
[EventDate "2024.01.20"]
[EventType "swiss"]
[EventCountry "IND"]
[SourceTitle "playchess.com"]
[Source "ChessBase"]
[SourceQuality "1"]
[TimeControl "5400+30"]

1. e4 c5 2. Nf3 e6 3. d4 cxd4 4. Nxd4 Nf6 5. Nc3 Nc6 6. Nxc6 bxc6 7. Bd3 d5 8. Qe2 Be7 9. O-O O-O 10. Re1 Bb7 11. b3 a5 12. Bb2 Nd7 13. Na4 Re8 14. c4 Rc8 15. exd5 cxd5 16. Qg4 Bf6 17. Rad1 Bxb2 18. Nxb2 Qf6 19. Qe2 Nc5 20. Bc2 g6 21. Qe5 Qxe5 22. Rxe5 Red8 23. f3 Ba6 24. Bb1 f6 25. Ree1 dxc4 26. bxc4 Rb8 27. Rxd8+ Rxd8 28. Bc2 Rd2 29. Rc1 Kf8 30. Na4 Rxc2 31. Rxc2 Nxa4 32. c5 Ke7 33. c6 Kd6 34. c7 Nb6 35. a4 Nc8 36. Kf2 Bb7 37. Rc4 g5 38. h4 h6 39. Kg3 f5 40. hxg5 hxg5 41. Kf2 Bd5 42. Rc1 Bc6 43. g3 Nb6 44. f4 gxf4 45. gxf4 Kxc7 46. Rc5 Nd7 47. Rc1 Nb6 48. Rc5 Nd5 49. Rc4 Kb6 50. Kg3 Nb4 51. Rd4 Kc5 52. Rd8 Bxa4 53. Ra8 Nc6 0-1

[Event "1st Bangalore GM-Open-A 2024"]
[Site "Bangalore"]
[Date "2024.01.19"]
[Round "2.14"]
[White "Ilamparthi A R"]
[Black "Frayna, Janelle Mae"]
[Result "1-0"]
[ECO "C26"]
[WhiteElo "2426"]
[BlackElo "2197"]
[Annotator "RC"]
[PlyCount "121"]
[EventDate "2024.01.20"]
[EventType "swiss"]
[EventCountry "IND"]
[SourceTitle "playchess.com"]
[Source "ChessBase"]
[SourceQuality "1"]
[TimeControl "5400+30"]

1. e4 e5 2. Nf3 Nf6 3. d3 Nc6 4. g3 Bc5 5. Bg2 d6 6. O-O O-O 7. Nc3 a5 8. h3 Nd4 9. Nxd4 Bxd4 10. Kh2 c6 11. Ne2 Bb6 12. f4 Re8 13. Ng1 h6 14. Nf3 Nd7 15. Nh4 Nf6 16. fxe5 dxe5 17. Qf3 Re6 18. Nf5 Qf8 19. g4 Nh7 20. h4 Rg6 21. Bh3 Bd7 22. Bd2 Re8 23. Qg3 Bd8 24. Rae1 b5 25. Re2 c5 26. Ne3 Qe7 27. Be1 Qd6 28. Ref2 Be6 29. Bc3 Bc7 30. Nf5 Bxf5 31. Rxf5 Rf6 32. Rxf6 Nxf6 33. Qf3 Qe7 34. Qf5 Nh7 35. Bd2 Qe6 36. g5 hxg5 37. hxg5 Qxf5 38. Bxf5 Nf8 39. Be3 Bd6 40. Kg3 g6 41. Bg4 Ne6 42. c3 Kg7 43. Bd1 Be7 44. Bb3 Rd8 45. Bd5 b4 46. Kg4 Rd7 47. Rc1 Nc7 48. Bc4 Ne6 49. cxb4 cxb4 50. Bd5 Nc7 51. Bc4 Ne6 52. Bb6 a4 53. Bxe6 fxe6 54. Rc7 Rxd3 55. Rxe7+ Kf8 56. Bc5 Kg8 57. Rxe6 Rd2 58. Rxg6+ Kh7 59. Rh6+ Kg7 60. Bxb4 Rxb2 61. a3 1-0

[Event "1st Bangalore GM-Open-A 2024"]
[Site "Bangalore"]
[Date "2024.01.19"]
[Round "2.15"]
[White "Sangma, Rahul"]
[Black "Tahbaz, Arash"]
[Result "0-1"]
[ECO "E62"]
[WhiteElo "2182"]
[BlackElo "2425"]
[Annotator "RC"]
[PlyCount "66"]
[EventDate "2024.01.20"]
[EventType "swiss"]
[EventCountry "IND"]
[SourceTitle "playchess.com"]
[Source "ChessBase"]
[SourceQuality "1"]
[TimeControl "5400+30"]

1. Nf3 Nf6 2. c4 g6 3. g3 Bg7 4. Bg2 O-O 5. O-O d6 6. d4 c6 7. Nc3 Bf5 8. Ne1 e5 9. d5 cxd5 10. cxd5 a5 11. e4 Bd7 12. h3 Na6 13. Nd3 b5 14. Be3 b4 15. Na4 Bb5 16. Re1 Nd7 17. a3 f5 18. axb4 f4 19. Bc1 Bxd3 20. Qxd3 Nxb4 21. Qd1 Rc8 22. Rf1 Nc2 23. Ra2 Nd4 24. Bd2 fxg3 25. fxg3 Rxf1+ 26. Qxf1 Rc2 27. Qd3 Qf6 28. Ra1 Bh6 29. Be1 Re2 30. Kh1 Be3 31. Rd1 Rxg2 32. Kxg2 Qf3+ 33. Kh2 Ne2 0-1

[Event "1st Bangalore GM-Open-A 2024"]
[Site "Bangalore"]
[Date "2024.01.19"]
[Round "2.16"]
[White "Deepan Chakkravarthy J."]
[Black "Alekhya Mukhopadhyay"]
[Result "1-0"]
[ECO "A01"]
[WhiteElo "2422"]
[BlackElo "2184"]
[Annotator "RC"]
[PlyCount "93"]
[EventDate "2024.01.20"]
[EventType "swiss"]
[EventCountry "IND"]
[SourceTitle "playchess.com"]
[Source "ChessBase"]
[SourceQuality "1"]
[TimeControl "5400+30"]

1. b3 Nf6 2. Bb2 g6 3. g3 Bg7 4. Bg2 O-O 5. e4 d6 6. Ne2 e5 7. O-O d5 8. exd5 Nxd5 9. d4 exd4 10. Bxd4 Bxd4 11. Nxd4 c6 12. c4 Ne7 13. Nc3 Nf5 14. Nxf5 Bxf5 15. Re1 Na6 16. Qf3 Nc5 17. g4 Be6 18. Rad1 Qh4 19. h3 a5 20. Qe3 Qf6 21. Rc1 Nd7 22. Ne4 Qe7 23. Rcd1 Rfd8 24. Qc3 f6 25. Rxd7 Rxd7 26. Nxf6+ Kf7 27. Nxd7 Qxd7 28. Qe5 a4 29. f4 axb3 30. axb3 Re8 31. Kh2 Kg8 32. Qf6 Bf7 33. Re5 Re6 34. Rxe6 Bxe6 35. Qe5 Bf7 36. f5 gxf5 37. gxf5 Kf8 38. h4 Qe7 39. Qd4 Qc7+ 40. Kh3 Qe7 41. Bf3 Kg8 42. Qf4 Qd7 43. Kg3 Kf8 44. Qb8+ Ke7 45. Qe5+ Kd8 46. f6 Kc8 47. Bg4 1-0

[Event "1st Bangalore GM-Open-A 2024"]
[Site "Bangalore"]
[Date "2024.01.19"]
[Round "2.17"]
[White "Nithin Babu"]
[Black "Adireddy Arjun"]
[Result "1-0"]
[ECO "B48"]
[WhiteElo "2177"]
[BlackElo "2415"]
[Annotator "RC"]
[PlyCount "69"]
[EventDate "2024.01.20"]
[EventType "swiss"]
[EventCountry "IND"]
[SourceTitle "playchess.com"]
[Source "ChessBase"]
[SourceQuality "1"]
[TimeControl "5400+30"]

1. e4 c5 2. Nf3 e6 3. d4 cxd4 4. Nxd4 Nc6 5. Nc3 Qc7 6. Be3 Nf6 7. f4 Bb4 8. Ndb5 Qa5 9. e5 Nd5 10. Bd2 Nxc3 11. Bxc3 Bxc3+ 12. Nxc3 Qb4 13. Qd2 Qxb2 14. Rb1 Qa3 15. Rb3 Qa5 16. Qd6 b6 17. Bb5 Nd8 18. O-O Nb7 19. Qd4 Nc5 20. f5 exf5 21. Nd5 Nxb3 22. cxb3 O-O 23. a4 Ba6 24. b4 Bxb5 25. bxa5 Bxf1 26. Kxf1 Rae8 27. axb6 axb6 28. Nxb6 f6 29. Nxd7 Rf7 30. Qd5 Rc8 31. a5 f4 32. a6 Rc1+ 33. Ke2 Rc2+ 34. Kd3 Rc8 35. a7 1-0

[Event "1st Bangalore GM-Open-A 2024"]
[Site "Bangalore"]
[Date "2024.01.19"]
[Round "2.18"]
[White "Nayak Rajesh"]
[Black "Viani Antonio Dcunha"]
[Result "0-1"]
[ECO "E04"]
[WhiteElo "2170"]
[BlackElo "2407"]
[Annotator "RC"]
[PlyCount "70"]
[EventDate "2024.01.20"]
[EventType "swiss"]
[EventCountry "IND"]
[SourceTitle "playchess.com"]
[Source "ChessBase"]
[SourceQuality "1"]
[TimeControl "5400+30"]

1. d4 Nf6 2. c4 e6 3. Nf3 d5 4. g3 dxc4 5. Bg2 a6 6. O-O Nc6 7. Bg5 Rb8 8. e4 Be7 9. Nc3 h6 10. Bf4 b5 11. d5 exd5 12. Nxd5 Nxd5 13. exd5 Nb4 14. Ne5 Bb7 15. Qg4 O-O 16. Bxh6 Bf6 17. Be4 Bxe5 18. Qf5 Re8 19. Qh7+ Kf8 20. Bd2 c5 21. Rfe1 f5 22. Bxf5 Qxd5 23. Be4 Qg8 24. Qh5 Bxe4 25. Rxe4 Nd3 26. Be3 Qf7 27. Qh8+ Ke7 28. Qh3 Kd6 29. Rd1 Qf3 30. Rxd3+ cxd3 31. Qh7 Re6 32. b4 c4 33. Bc5+ Kc6 34. Qh3 Rbe8 35. Re3 Qd5 0-1

[Event "1st Bangalore GM-Open-A 2024"]
[Site "Bangalore"]
[Date "2024.01.19"]
[Round "2.19"]
[White "Panda Sambit"]
[Black "Rajarishi Karthi"]
[Result "1/2-1/2"]
[ECO "D37"]
[WhiteElo "2404"]
[BlackElo "2183"]
[Annotator "RC"]
[PlyCount "112"]
[EventDate "2024.01.20"]
[EventType "swiss"]
[EventCountry "IND"]
[SourceTitle "playchess.com"]
[Source "ChessBase"]
[SourceQuality "1"]
[TimeControl "5400+30"]

1. d4 d5 2. c4 e6 3. Nf3 Nf6 4. Nc3 Be7 5. Bf4 O-O 6. e3 c5 7. dxc5 Qa5 8. a3 dxc4 9. Bxc4 Qxc5 10. Qe2 b6 11. O-O Bb7 12. Ne5 Nbd7 13. b4 Qc8 14. Rac1 Nxe5 15. Bxe5 a6 16. Bd3 Bc6 17. Ne4 Nxe4 18. Bxe4 Bxe4 19. Rxc8 Rfxc8 20. Qg4 Bg6 21. Qd4 f6 22. Qd7 Kf7 23. Bd6 Re8 24. Bxe7 Rxe7 25. Qd6 b5 26. Rc1 Raa7 27. h3 Be4 28. Rc5 Red7 29. Qf4 Bd3 30. e4 a5 31. e5 axb4 32. axb4 f5 33. Qh4 Kg6 34. Qg3+ Kf7 35. Qg5 Ra8 36. Qh5+ Kg8 37. Rc6 Bc4 38. Qg5 Rf8 39. Rd6 Rdf7 40. f4 Bd5 41. h4 Rc7 42. h5 Rc1+ 43. Kh2 Rc2 44. Rxd5 exd5 45. h6 Rc7 46. hxg7 Rxg7 47. Qh6 Rg6 48. Qh3 d4 49. Qb3+ Kh8 50. Qd5 Rfg8 51. Qxd4 Rxg2+ 52. Kh1 R2g6 53. e6+ R8g7 54. Qd8+ Rg8 55. Qd4+ R8g7 56. Qd8+ Rg8 1/2-1/2

[Event "1st Bangalore GM-Open-A 2024"]
[Site "Bangalore"]
[Date "2024.01.19"]
[Round "2.20"]
[White "Dhananjay S"]
[Black "De Silva, L M S T"]
[Result "1-0"]
[ECO "A29"]
[WhiteElo "2151"]
[BlackElo "2398"]
[Annotator "RC"]
[PlyCount "147"]
[EventDate "2024.01.20"]
[EventType "swiss"]
[EventCountry "IND"]
[SourceTitle "playchess.com"]
[Source "ChessBase"]
[SourceQuality "1"]
[TimeControl "5400+30"]

1. c4 e5 2. Nc3 Nf6 3. Nf3 Nc6 4. g3 d5 5. cxd5 Nxd5 6. Bg2 Nb6 7. O-O Be7 8. b3 O-O 9. Bb2 Bg4 10. Rc1 Qd7 11. d3 f6 12. Ne4 Rad8 13. Qc2 Bh3 14. Bxh3 Qxh3 15. b4 Kh8 16. b5 Nb4 17. Qb3 N4d5 18. d4 f5 19. Nc5 e4 20. Ne5 f4 21. Nxe4 Rf5 22. gxf4 Qh4 23. Ng3 Rxf4 24. e4 Rd6 25. Nf5 Qh5 26. Rc3 Rxe4 27. Ng3 Rg6 28. Kh1 Qh3 29. Nxg6+ hxg6 30. Rc2 Rh4 31. f4 Bd6 32. Bc1 Nxf4 33. Bxf4 Bxf4 34. Rg2 Rg4 35. Qe6 Bd6 36. Rf3 Kh7 37. Kg1 Bb4 38. Re3 Bd6 39. Re4 Bf4 40. Rxf4 Rxg3 41. Qxh3+ Rxh3 42. Rfg4 Rf3 43. Rf2 Rd3 44. Rf8 Rh3 45. Kg2 Rh5 46. Kg3 Nd7 47. Rf1 Kg8 48. a4 Rd5 49. Rxg6 Rxd4 50. Rg4 Rd3+ 51. Kg2 c6 52. bxc6 bxc6 53. h4 c5 54. h5 Rd6 55. Rg6 Nf6 56. h6 Ne8 57. Rxd6 Nxd6 58. Rd1 Nf7 59. hxg7 Kxg7 60. Rd7 a6 61. Kf3 Kf6 62. Ra7 Nd6 63. Rxa6 Ke5 64. Ke3 Kd5 65. Kd3 Ne4 66. Rh6 c4+ 67. Kc2 Kc5 68. a5 Nd6 69. a6 Nc8 70. Rh8 Na7 71. Rb8 Kc6 72. Kc3 Kc5 73. Rb7 Nb5+ 74. Rxb5+ 1-0

[Event "1st Bangalore GM-Open-A 2024"]
[Site "Bangalore"]
[Date "2024.01.19"]
[Round "2.21"]
[White "Luong Phuong Hanh"]
[Black "Ritviz, Parab"]
[Result "1/2-1/2"]
[ECO "D05"]
[WhiteElo "2102"]
[BlackElo "2391"]
[Annotator "RC"]
[PlyCount "126"]
[EventDate "2024.01.20"]
[EventType "swiss"]
[EventCountry "IND"]
[SourceTitle "playchess.com"]
[Source "ChessBase"]
[SourceQuality "1"]
[TimeControl "5400+30"]

1. d4 Nf6 2. Nf3 e6 3. e3 d5 4. Bd3 Nbd7 5. O-O c5 6. b3 Be7 7. Bb2 b6 8. Ne5 Nxe5 9. dxe5 Nd7 10. f4 Qc7 11. c4 Bb7 12. Nc3 dxc4 13. bxc4 Rd8 14. Qc2 h6 15. Bh7 Nf8 16. Be4 Bxe4 17. Qxe4 Ng6 18. f5 exf5 19. Qxf5 O-O 20. e6 Bf6 21. Nb5 Qe7 22. Bxf6 gxf6 23. exf7+ Kxf7 24. Qh3 Rd3 25. Rf3 Kg7 26. Rg3 f5 27. Rf1 a6 28. Qh5 Rf6 29. Qe2 Qe4 30. Rf4 Rxe3 31. Rxe4 Rxe4 32. Qd2 axb5 33. Qd7+ Rf7 34. Qc6 Rf6 35. Qc7+ Kf8 36. Qh7 Re1+ 37. Kf2 Re7 38. Qxh6+ Kf7 39. cxb5 Ne5 40. Rg7+ Ke6 41. Rxe7+ Kxe7 42. Qg7+ Nf7 43. Qg3 Nd6 44. Kg1 Nxb5 45. Qe5+ Kf7 46. Qd5+ Ke8 47. Qg8+ Ke7 48. Qg7+ Ke6 49. h4 Nd6 50. Qc7 c4 51. Qxb6 Kd5 52. h5 Ne4 53. Qd8+ Rd6 54. Qg8+ Kd4 55. Qg7+ Kd3 56. h6 c3 57. h7 c2 58. Qb2 Rh6 59. Qb5+ Kd2 60. Qd5+ Ke2 61. Qc4+ Kd2 62. Qd4+ Ke2 63. Qc4+ Kd2 1/2-1/2

[Event "1st Bangalore GM-Open-A 2024"]
[Site "Bangalore"]
[Date "2024.01.19"]
[Round "2.22"]
[White "Thilakarathne, G M H"]
[Black "Aakash Sharadchandra, Dalvi"]
[Result "0-1"]
[ECO "B52"]
[WhiteElo "2391"]
[BlackElo "2180"]
[Annotator "RC"]
[PlyCount "84"]
[EventDate "2024.01.20"]
[EventType "swiss"]
[EventCountry "IND"]
[SourceTitle "playchess.com"]
[Source "ChessBase"]
[SourceQuality "1"]
[TimeControl "5400+30"]

1. e4 c5 2. Nf3 d6 3. Bb5+ Bd7 4. c4 Nf6 5. Nc3 g6 6. d4 cxd4 7. Qxd4 Bxb5 8. cxb5 Bg7 9. O-O O-O 10. a4 Nbd7 11. Qe3 Qc7 12. a5 a6 13. b6 Qc5 14. h3 Rac8 15. Ra3 Qh5 16. Bd2 Ne5 17. Nxe5 Qxe5 18. Qd3 Rfd8 19. b4 d5 20. f4 Qe6 21. e5 Ne4 22. Ne2 Qd7 23. Nd4 e6 24. Be1 Rc4 25. Rb3 Qa4 26. Rb1 Rdc8 27. Qd1 Qxd1 28. Rxd1 Bf8 29. Kh2 Bxb4 30. Bxb4 Rxb4 31. Ne2 Rb2 32. Ng3 Rcc2 33. Rg1 Nd2 34. Kh1 Nc4 35. Rc1 Nxa5 36. Rxc2 Rxc2 37. Rb1 Nc4 38. Nf1 a5 39. Rb5 Rc1 40. Kg1 Nd2 41. Rxa5 Rxf1+ 42. Kh2 Rb1 0-1

[Event "1st Bangalore GM-Open-A 2024"]
[Site "Bangalore"]
[Date "2024.01.19"]
[Round "2.23"]
[White "Subhayan Kundu"]
[Black "Sarwat, Walaa"]
[Result "0-1"]
[ECO "C54"]
[WhiteElo "2385"]
[BlackElo "2175"]
[Annotator "RC"]
[PlyCount "54"]
[EventDate "2024.01.20"]
[EventType "swiss"]
[EventCountry "IND"]
[SourceTitle "playchess.com"]
[Source "ChessBase"]
[SourceQuality "1"]
[TimeControl "5400+30"]

1. e4 e5 2. Nf3 Nc6 3. Bc4 Bc5 4. O-O Nf6 5. d3 d6 6. c3 h6 7. Re1 O-O 8. h3 a6 9. a4 Ba7 10. Nbd2 Be6 11. Bxe6 fxe6 12. b4 Nh5 13. Nf1 Nf4 14. Ra2 Qf6 15. Kh2 g5 16. Ng3 Ne7 17. Be3 Neg6 18. d4 Nxg2 19. Kxg2 Qxf3+ 20. Qxf3 Nh4+ 21. Kf1 Nxf3 22. Rd1 Rf7 23. Ke2 Raf8 24. d5 Bxe3 25. dxe6 Ng1+ 26. Kd3 Rxf2 27. Rxg1 R2f3 0-1

[Event "1st Bangalore GM-Open-A 2024"]
[Site "Bangalore"]
[Date "2024.01.19"]
[Round "2.24"]
[White "Shadhursshaan R"]
[Black "Tologon tegin, Semetei"]
[Result "0-1"]
[ECO "E16"]
[WhiteElo "2058"]
[BlackElo "2384"]
[Annotator "RC"]
[PlyCount "140"]
[EventDate "2024.01.20"]
[EventType "swiss"]
[EventCountry "IND"]
[SourceTitle "playchess.com"]
[Source "ChessBase"]
[SourceQuality "1"]
[TimeControl "5400+30"]

1. d4 Nf6 2. c4 e6 3. Nf3 Bb4+ 4. Nbd2 O-O 5. g3 d5 6. Qc2 b6 7. Bg2 Bb7 8. O-O Nbd7 9. a3 Bd6 10. e4 Nxe4 11. Nxe4 dxe4 12. Ng5 Nf6 13. Nxe4 Nxe4 14. Bxe4 Bxe4 15. Qxe4 c5 16. dxc5 bxc5 17. Be3 Qc7 18. Rab1 a5 19. b4 axb4 20. axb4 cxb4 21. c5 Bxc5 22. Rfc1 Ra5 23. Rxb4 Qd6 24. Bxc5 Rxc5 25. Rxc5 Qxc5 26. Qb1 Rc8 27. Rb8 h5 28. Rxc8+ Qxc8 29. h4 g6 30. Qb2 Qc5 31. Qf6 Qd5 32. f4 Qf3 33. Kh2 Qf2+ 34. Kh3 Qg1 35. Qd8+ Kg7 36. Qa8 Qf1+ 37. Kh2 Qe2+ 38. Kh3 Qd1 39. Kh2 Kf6 40. Qb7 Qc2+ 41. Kh3 Qf5+ 42. Kh2 Qd5 43. Qc7 Qe4 44. Qd8+ Kg7 45. Qb8 Qe2+ 46. Kh3 Qf1+ 47. Kh2 Qa1 48. Kg2 Qa2+ 49. Kh3 Qd5 50. Kh2 Kf6 51. Qc7 Qd4 52. Kh3 Qa1 53. Qd8+ Kg7 54. Kh2 Qa2+ 55. Kg1 Qb2 56. Kf1 Qb5+ 57. Kg1 Qd5 58. Qc7 Qd2 59. Qe5+ Kf8 60. Qb8+ Ke7 61. Qc7+ Qd7 62. Qc5+ Qd6 63. Qa7+ Kf6 64. Kg2 Qc6+ 65. Kh2 Qc2+ 66. Kh3 Qe4 67. Kh2 Kf5 68. Qxf7+ Kg4 69. Qf6 Qe2+ 70. Kg1 Kh3 0-1

[Event "1st Bangalore GM-Open-A 2024"]
[Site "Bangalore"]
[Date "2024.01.19"]
[Round "2.25"]
[White "Ayush Sharma"]
[Black "Aquino, Jethro Dino"]
[Result "0-1"]
[ECO "D78"]
[WhiteElo "2378"]
[BlackElo "2166"]
[Annotator "RC"]
[PlyCount "40"]
[EventDate "2024.01.20"]
[EventType "swiss"]
[EventCountry "IND"]
[SourceTitle "playchess.com"]
[Source "ChessBase"]
[SourceQuality "1"]
[TimeControl "5400+30"]

1. Nf3 Nf6 2. g3 g6 3. c4 c6 4. Bg2 Bg7 5. O-O O-O 6. d4 d5 7. Nc3 dxc4 8. a4 Nd5 9. a5 Na6 10. Qa4 Ndb4 11. Rd1 b5 12. axb6 axb6 13. Ne5 Bxe5 14. dxe5 Qc7 15. Bh6 Re8 16. f4 Bf5 17. Rd2 Bc2 18. Qa3 Bb3 19. Rc1 b5 20. Ne4 Na2 0-1

[Event "1st Bangalore GM-Open-A 2024"]
[Site "Bangalore"]
[Date "2024.01.19"]
[Round "2.26"]
[White "Jai Sankar Subramanian"]
[Black "Kushagra Mohan"]
[Result "1/2-1/2"]
[ECO "C55"]
[WhiteElo "2025"]
[BlackElo "2374"]
[Annotator "RC"]
[PlyCount "135"]
[EventDate "2024.01.20"]
[EventType "swiss"]
[EventCountry "IND"]
[SourceTitle "playchess.com"]
[Source "ChessBase"]
[SourceQuality "1"]
[TimeControl "5400+30"]

1. e4 e5 2. Nf3 Nc6 3. Bc4 Nf6 4. d3 h6 5. c3 d6 6. h3 g6 7. O-O Bg7 8. Re1 O-O 9. d4 exd4 10. Nxd4 Nxd4 11. cxd4 Nxe4 12. Rxe4 d5 13. Bxd5 Qxd5 14. Nc3 Qd8 15. Bf4 Bf5 16. Re2 c6 17. Be5 Qb6 18. Bxg7 Kxg7 19. d5 Rad8 20. Rd2 c5 21. Qf3 Rfe8 22. Na4 Qa5 23. Qc3+ Qxc3 24. Nxc3 h5 25. a4 Rd7 26. Rad1 Red8 27. f3 h4 28. Kf2 b6 29. Re2 a6 30. Red2 Rb8 31. d6 Rbd8 32. a5 b5 33. Rd5 c4 34. Ne4 Bxe4 35. fxe4 Kf6 36. e5+ Ke6 37. Ke3 Rc8 38. Ke4 c3 39. bxc3 Rxc3 40. R1d3 Rc4+ 41. R3d4 Rxd4+ 42. Kxd4 f6 43. Kc5 fxe5 44. Kc6 b4 45. Rxe5+ Kxe5 46. Kxd7 b3 47. Kc7 b2 48. d7 b1=Q 49. d8=Q Qc2+ 50. Kb6 Qxg2 51. Qxh4 g5 52. Qh8+ Kf5 53. Qc8+ Kf4 54. Qc4+ Kg3 55. Qc3+ Kh2 56. Kxa6 Qa8+ 57. Kb5 Qd5+ 58. Kb6 Qd6+ 59. Qc6 Qb4+ 60. Qb5 Qd6+ 61. Kb7 Qe7+ 62. Ka8 Kxh3 63. a6 g4 64. a7 g3 65. Kb8 g2 66. Qf5+ Kg3 67. Qg6+ Kh2 68. Qxg2+ 1/2-1/2

[Event "1st Bangalore GM-Open-A 2024"]
[Site "Bangalore"]
[Date "2024.01.19"]
[Round "2.27"]
[White "Thejkumar, M. S."]
[Black "Fronda, Jan Jodilyn"]
[Result "1-0"]
[ECO "E04"]
[WhiteElo "2372"]
[BlackElo "2151"]
[Annotator "RC"]
[PlyCount "107"]
[EventDate "2024.01.20"]
[EventType "swiss"]
[EventCountry "IND"]
[SourceTitle "playchess.com"]
[Source "ChessBase"]
[SourceQuality "1"]
[TimeControl "5400+30"]

1. d4 d5 2. c4 e6 3. Nf3 c6 4. Nc3 Nf6 5. g3 dxc4 6. Bg2 b5 7. O-O Bb7 8. Ne5 Qc8 9. b3 Nbd7 10. Nxd7 Qxd7 11. bxc4 b4 12. Na4 c5 13. dxc5 Bxg2 14. Kxg2 Qc6+ 15. f3 Be7 16. Rb1 Rd8 17. Qc2 a5 18. a3 O-O 19. axb4 axb4 20. Rxb4 Bxc5 21. Nxc5 Qxc5 22. Qb3 Rc8 23. Rd1 h6 24. Bb2 Rfd8 25. Rb5 Qc6 26. Rxd8+ Rxd8 27. Bxf6 gxf6 28. Rb8 Rxb8 29. Qxb8+ Kg7 30. Qb5 Qd6 31. c5 Qd5 32. Qb4 Qa2 33. Kf2 Qd5 34. Qc3 Qc6 35. Qd4 Qb5 36. Qc3 Qc6 37. Kg2 h5 38. h4 Qb5 39. Kf1 Qc6 40. Kf2 Kg8 41. Qd4 Kg7 42. g4 hxg4 43. Qxg4+ Kf8 44. Qd4 Kg7 45. h5 Qc7 46. Kg2 Qa7 47. Qc4 f5 48. c6 Qc7 49. Qd4+ Kh6 50. Qh8+ Kg5 51. h6 Qxc6 52. Qg7+ Kf4 53. h7 Ke3 54. Qe5+ 1-0

[Event "1st Bangalore GM-Open-A 2024"]
[Site "Bangalore"]
[Date "2024.01.19"]
[Round "2.28"]
[White "Choubey Saurabh"]
[Black "Aswath, S."]
[Result "0-1"]
[ECO "D47"]
[WhiteElo "1991"]
[BlackElo "2369"]
[Annotator "RC"]
[PlyCount "110"]
[EventDate "2024.01.20"]
[EventType "swiss"]
[EventCountry "IND"]
[SourceTitle "playchess.com"]
[Source "ChessBase"]
[SourceQuality "1"]
[TimeControl "5400+30"]

1. d4 d5 2. c4 e6 3. Nf3 Nf6 4. Nc3 c6 5. e3 Nbd7 6. Be2 b6 7. O-O Bb7 8. Bd3 dxc4 9. Bxc4 b5 10. Bd3 Bd6 11. e4 e5 12. dxe5 Nxe5 13. Nxe5 Bxe5 14. Be3 O-O 15. Qe2 Re8 16. f3 a6 17. Rfd1 Qc7 18. g3 c5 19. Qf2 c4 20. Bf1 h5 21. Bb6 Qc6 22. Bd4 Bc7 23. Bxf6 Qxf6 24. Kg2 Bb6 25. Qd2 Rad8 26. Qf4 Qxf4 27. gxf4 Bc7 28. f5 Be5 29. Rxd8 Rxd8 30. Rd1 Rxd1 31. Nxd1 Kf8 32. a4 Ke7 33. axb5 axb5 34. b3 Kd6 35. bxc4 b4 36. Nf2 b3 37. Nd3 b2 38. c5+ Kc7 39. Nxb2 Bxb2 40. Bc4 f6 41. Kg3 Bc6 42. Bf7 Bd4 43. Kh4 Kd8 44. Kxh5 Ke7 45. Kg6 Kf8 46. h4 Bxc5 47. h5 Be3 48. Bc4 Be8+ 49. Kh7 Bxh5 50. Be2 Bh6 51. e5 fxe5 52. f6 Kf7 53. fxg7 Bxg7 54. Bc4+ Kf6 55. Bd5 Bg6+ 0-1

[Event "1st Bangalore GM-Open-A 2024"]
[Site "Bangalore"]
[Date "2024.01.19"]
[Round "2.29"]
[White "Kumar, Gaurav"]
[Black "Dushyant Sharma"]
[Result "0-1"]
[ECO "D02"]
[WhiteElo "1953"]
[BlackElo "2357"]
[Annotator "RC"]
[PlyCount "94"]
[EventDate "2024.01.20"]
[EventType "swiss"]
[EventCountry "IND"]
[SourceTitle "playchess.com"]
[Source "ChessBase"]
[SourceQuality "1"]
[TimeControl "5400+30"]

1. Nf3 d5 2. g3 Nc6 3. d4 Bf5 4. Bg2 e6 5. c3 Nf6 6. O-O Be7 7. Nbd2 h6 8. b3 O-O 9. Bb2 a5 10. c4 a4 11. Ne5 Nb8 12. c5 c6 13. b4 Nbd7 14. a3 Qc7 15. Re1 Nxe5 16. dxe5 Nd7 17. e4 Bg6 18. f4 b6 19. f5 exf5 20. exd5 cxd5 21. Bxd5 Rad8 22. c6 Nc5 23. Qf3 Bh5 24. Qxh5 Rxd5 25. Nf3 Nd3 26. Red1 Qxc6 27. Nd4 Qc4 28. Nxf5 Bg5 29. Qe2 Nxb2 30. Qxb2 Rxd1+ 31. Rxd1 Qe4 32. Qf2 Qxe5 33. Re1 Qc3 34. h4 Bf6 35. Re3 Qc1+ 36. Kh2 g6 37. Nxh6+ Kg7 38. Rf3 Rd8 39. Qf1 Rd1 40. Qg2 Qxh6 41. Rxf6 Qc1 42. Rf2 Qxa3 43. Qb7 Qb3 44. Qxb6 a3 45. Qf6+ Kg8 46. h5 Qd5 47. Rf3 Qxh5+ 0-1

[Event "1st Bangalore GM-Open-A 2024"]
[Site "Bangalore"]
[Date "2024.01.19"]
[Round "2.30"]
[White "Moksh Amit Doshi"]
[Black "Matta, Vinay Kumar"]
[Result "1-0"]
[ECO "E61"]
[WhiteElo "2355"]
[BlackElo "2132"]
[Annotator "RC"]
[PlyCount "73"]
[EventDate "2024.01.20"]
[EventType "swiss"]
[EventCountry "IND"]
[SourceTitle "playchess.com"]
[Source "ChessBase"]
[SourceQuality "1"]
[TimeControl "5400+30"]

1. d4 Nf6 2. c4 g6 3. g3 Bg7 4. Bg2 O-O 5. Nc3 a6 6. h3 Nc6 7. Nf3 d6 8. e4 e5 9. Be3 exd4 10. Nxd4 Ne5 11. b3 Re8 12. O-O c6 13. Qc2 Rb8 14. Rad1 Qe7 15. f4 Ned7 16. Rfe1 c5 17. Nf3 b5 18. Bf2 Bb7 19. Nd5 Bxd5 20. cxd5 Nb6 21. b4 cxb4 22. Nd4 Na4 23. Nc6 Qc7 24. e5 Nh5 25. Qb3 Nc3 26. Rd2 a5 27. a3 Rbc8 28. axb4 axb4 29. Qxb4 dxe5 30. d6 Qd7 31. Qxc3 e4 32. Ne7+ Kh8 33. Qe3 Rc4 34. Bf1 Ra4 35. Qc5 Rb8 36. Qc7 Qd8 37. Nc6 1-0

[Event "1st Bangalore GM-Open-A 2024"]
[Site "Bangalore"]
[Date "2024.01.19"]
[Round "2.31"]
[White "Laxman, R.R."]
[Black "Kiran, Manisha Mohanty"]
[Result "1-0"]
[ECO "A37"]
[WhiteElo "2338"]
[BlackElo "2058"]
[Annotator "RC"]
[PlyCount "87"]
[EventDate "2024.01.20"]
[EventType "swiss"]
[EventCountry "IND"]
[SourceTitle "playchess.com"]
[Source "ChessBase"]
[SourceQuality "1"]
[TimeControl "5400+30"]

1. Nf3 c5 2. c4 Nc6 3. g3 g6 4. Bg2 Bg7 5. O-O e5 6. Nc3 Nge7 7. e3 O-O 8. d3 d6 9. Rb1 h6 10. a3 a5 11. Ne1 Be6 12. Nd5 f5 13. Nc2 Bf7 14. b4 cxb4 15. axb4 Nxd5 16. cxd5 Ne7 17. bxa5 Qc7 18. e4 Rxa5 19. Bd2 Raa8 20. Ne3 f4 21. Nc4 g5 22. Qb3 Rab8 23. Ba5 Qd7 24. Qb5 Be8 25. Qxd7 Bxd7 26. Bc7 f3 27. Bh1 g4 28. Bxd6 Ng6 29. Rb6 Kh7 30. Bxf8 Nxf8 31. Rfb1 Bc8 32. Nd6 Nd7 33. Nxc8 Rxc8 34. Rxb7 Nf6 35. h3 h5 36. Re7 Kg6 37. Rxe5 Rc3 38. Re6 Kh7 39. hxg4 hxg4 40. Rd1 Kg8 41. Rc6 Rb3 42. d6 Rb8 43. e5 Nh7 44. d7 1-0